[Event "Titled Tuesday Blitz October 11 Late 2022"]
[White "Donchenko, Alexander"]
[Black "Kravtsiv, Martyn"]
[WhiteFideId "24603295"]
[BlackFideId "14113147"]
[WhiteElo "2572"]
[BlackElo "2694"]
[Result "1-0"]
[Round "09"]
[TimeControl "180+1"]
[Date "2022.10.11"]
[WhiteClock "0:00:13"]
[BlackClock "0:00:01"]

1. Nf3 d5 2. g3 g6 3. Bg2 Bg7 4. d4 Nf6 5. O-O c6 6. b3 O-O 7. Bb2 Bf5 8. c4 Ne4 9. e3 Nd7 10. Qe2 a5 11. cxd5 cxd5 12. Qb5 Nd6 13. Qe2 a4 14. bxa4 Nb6 15. Nc3 Ne4 16. Ne5 Nxa4 17. Nxa4 Rxa4 18. Qb5 Ra6 19. Qe2 Qa8 20. a3 Rc8 21. Rfc1 Rb6 22. Rxc8+ Qxc8 23. Rc1 Qd8 24. a4 Rb4 25. h4 Qb6 26. Ba3 Rb1 27. Qe1 Rxc1 28. Qxc1 Bf6 29. g4 Be6 30. g5 Bxe5 31. dxe5 Kf8 32. Qc2 Qa5 33. Bxe4 dxe4 34. Qxe4 Bd5 35. Qb4 Qc7 36. Qd4 Bf3 37. e6 fxe6 38. Qh8+ Kf7 39. Qxh7+ Ke8 40. Qxg6+ Kd7 41. Qd3+ Kc8 42. g6 Qe5 43. Qc4+ Kd8 44. Qd4+ Qxd4 45. exd4 Ke8 46. Kh2 Bh5 47. g7 Kf7 48. Bxe7 Kxg7 49. Kg3 b6 50. Kf4 Bd1 51. Ke5 Kf7 52. Bd8 Bxa4 53. h5 Bc2 54. Bxb6 Bd1 55. h6 Bc2 56. Ba5 Bh7 57. Bd2 Bg6 58. Kd6 Bf5 59. Bg5 Be4 60. Ke5 Bg6 61. f3 Bh7 62. Bh4 Bg6 63. Bf2 Bd3 64. Be3 Bc2 65. Kf4 Bb1 66. Kg5 Bc2 67. Kg4 Bb1 68. Kf4 Bc2 69. Ke5 Bb1 70. f4 Bc2 71. Bf2 Bh7 72. Bh4 Bb1 73. Bf6 Bh7 74. Bg7 Bg6 75. Bf6 Bh7 76. Bg5 Bg6 77. f5 exf5 78. d5 Bh7 79. d6 1-0


[Site "https://www.chess.com"]

[Event "Titled Tuesday Blitz October 11 Late 2022"]
[White "Erdogdu, Mert"]
[Black "Mirzoev, Azer"]
[WhiteFideId "6301495"]
[BlackFideId "13400304"]
[WhiteElo "2413"]
[BlackElo "2525"]
[Result "1-0"]
[Round "09"]
[TimeControl "180+1"]
[Date "2022.10.11"]
[WhiteClock "0:00:04"]
[BlackClock "0:00:01"]

1. e4 Nf6 2. e5 Nd5 3. c4 Nb6 4. d4 d6 5. exd6 exd6 6. Nc3 Be7 7. Bd3 Nc6 8. Nge2 Nb4 9. Bb1 O-O 10. a3 Nc6 11. O-O Re8 12. b3 Bg4 13. Qd3 g6 14. Ng3 Bf6 15. Be3 Bg7 16. h3 Bd7 17. Ba2 Qh4 18. Rad1 h6 19. b4 Be6 20. b5 Na5 21. d5 Bd7 22. c5 dxc5 23. Bxc5 Nac4 24. a4 Nb2 25. Qc2 Nxd1 26. Rxd1 Rad8 27. d6 cxd6 28. Bxb6 axb6 29. Qxg6 Be6 30. Bxe6 fxe6 31. Nce4 Qe7 32. Nh5 Kh8 33. Rd3 Rf8 34. Rg3 Rf7 35. Nxg7 Rxg7 36. Qxh6+ Rh7 37. Qe3 e5 38. Ng5 Rg7 39. h4 Rf8 40. Qe2 Kg8 41. Qc4+ Kh8 42. Qg4 Qe8 43. Rd3 Rf4 44. Qg3 Qg6 45. Re3 Rxa4 46. Rf3 Rf4 47. Rxf4 exf4 48. Qxf4 Rg8 49. Nf7+ Kg7 50. Ng5 Re8 51. g3 Re5 52. Qd4 Qf6 53. Kh2 1-0


[Site "https://www.chess.com"]

[Event "Titled Tuesday Blitz October 11 Late 2022"]
[White "Fedoseev, Vladimir"]
[Black "Duda, Jan-Krzysztof"]
[WhiteFideId "24130737"]
[BlackFideId "1170546"]
[WhiteElo "2726"]
[BlackElo "2779"]
[Result "1-0"]
[Round "09"]
[TimeControl "180+1"]
[Date "2022.10.11"]
[WhiteClock "0:00:06"]
[BlackClock "0:00:01"]

1. d4 Nf6 2. Nf3 d5 3. e3 e6 4. c4 Be7 5. Nc3 O-O 6. a3 b6 7. cxd5 exd5 8. Be2 c5 9. b3 h6 10. Bb2 Nc6 11. O-O Be6 12. Rc1 Rc8 13. Ba6 Rc7 14. Na4 Nb8 15. Be2 Nbd7 16. Nc3 Qa8 17. h3 a6 18. a4 Rfc8 19. a5 bxa5 20. Ra1 cxd4 21. Qxd4 Bc5 22. Qf4 Bb4 23. Na4 Ne4 24. Bd3 g5 25. Qh2 Bd6 26. g3 Nec5 27. Nxc5 Nxc5 28. Bc2 Bd7 29. Be5 Bxe5 30. Nxe5 d4 31. h4 Qd5 32. exd4 Qxd4 33. Rfe1 g4 34. Rad1 Qb4 35. Qg2 Be6 36. Qf1 Bxb3 37. Bxb3 Nxb3 38. Qxa6 Kg7 39. Qd3 a4 40. Qf5 a3 41. Re4 Qb6 42. Rxg4+ Kf8 43. Nd7+ Rxd7 44. Rxd7 Rc1+ 45. Kh2 Qe6 46. Qxe6 fxe6 47. Ra4 Ke8 48. Rb7 1-0


[Site "https://www.chess.com"]

[Event "Titled Tuesday Blitz October 11 Late 2022"]
[White "Fernandez De La Vara, Arnaldo"]
[Black "Holt, Conrad"]
[WhiteFideId "3518388"]
[BlackFideId "2034387"]
[WhiteElo "2387"]
[BlackElo "2592"]
[Result "0-1"]
[Round "09"]
[TimeControl "180+1"]
[Date "2022.10.11"]
[WhiteClock "0:00:01"]
[BlackClock "0:00:29"]

1. Nf3 d5 2. b3 Bf5 3. Bb2 e6 4. g3 Nd7 5. Bg2 h6 6. O-O Ngf6 7. d3 Be7 8. Nbd2 O-O 9. Qe1 Bh7 10. e4 a5 11. a4 dxe4 12. dxe4 Nc5 13. Ne5 Nfd7 14. Nxd7 Qxd7 15. Qe2 Rfd8 16. Rad1 Qc6 17. h4 Bf8 18. Rfe1 Rd7 19. Nc4 Rxd1 20. Rxd1 Qa6 21. Qg4 Nxa4 22. Ba1 Nb6 23. Ne5 a4 24. Bh3 axb3 25. cxb3 Re8 26. Qh5 Re7 27. Nxf7 Bxe4 28. Nd8 Bd5 29. Bf1 Qa8 30. Rxd5 exd5 31. Bd3 Qxa1+ 0-1


[Site "https://www.chess.com"]

[Event "Titled Tuesday Blitz October 11 Late 2022"]
[White "Floresvillar Gonzalez, Luis Migu"]
[Black "Vargas, Mauricio"]
[WhiteFideId "5100542"]
[BlackFideId "4404572"]
[WhiteElo "2040"]
[BlackElo "2025"]
[Result "0-1"]
[Round "09"]
[TimeControl "180+1"]
[Date "2022.10.12"]
[WhiteClock "0:00:27"]
[BlackClock "0:00:16"]

1. e4 c6 2. d4 d5 3. Nd2 dxe4 4. Nxe4 Nf6 5. Nxf6+ exf6 6. Nf3 Bd6 7. Bd3 O-O 8. O-O Bg4 9. h3 Bh5 10. c3 Re8 11. Be3 Nd7 12. g4 Bg6 13. Bxg6 hxg6 14. Re1 Nf8 15. Qb3 b5 16. a4 a6 17. axb5 cxb5 18. Kg2 Bc7 19. Red1 Qd6 20. d5 Rxe3 21. fxe3 Qg3+ 22. Kh1 Qxf3+ 23. Kg1 Qxe3+ 24. Kg2 Qg3+ 25. Kf1 Re8 26. Re1 Qxh3+ 27. Kg1 Qxg4+ 28. Kf1 Qf3+ 29. Kg1 Bb6+ 30. Kh2 Qh5+ 31. Kg2 Qg4+ 32. Kh2 Bc7+ 33. Kh1 Qh3+ 34. Kg1 Bb6+ 0-1


[Site "https://www.chess.com"]

[Event "Titled Tuesday Blitz October 11 Late 2022"]
[White "Gasparyan, David"]
[Black "Ambartsumova, Karina"]
[WhiteFideId "13311980"]
[BlackFideId "4166299"]
[WhiteElo "2343"]
[BlackElo "2299"]
[Result "0-1"]
[Round "09"]
[TimeControl "180+1"]
[Date "2022.10.12"]
[WhiteClock "0:00:02"]
[BlackClock "0:00:23"]

1. d4 Nf6 2. Nf3 g6 3. e3 Bg7 4. Be2 O-O 5. O-O c5 6. c3 b6 7. Nbd2 Bb7 8. Re1 d6 9. Qc2 Nbd7 10. e4 cxd4 11. cxd4 Rc8 12. Qd3 e5 13. dxe5 dxe5 14. b4 Qe7 15. Ba3 Rfd8 16. Qb3 Nxe4 17. Nxe4 Bxe4 18. Bc4 Bb7 19. Rac1 e4 20. Bb2 Bxb2 21. Qxb2 a6 22. h4 b5 23. Bb3 Rxc1 24. Qxc1 Nf6 25. Qh6 Bd5 26. Bxd5 Rxd5 27. Ng5 Re5 28. h5 Qf8 29. Qxf8+ Kxf8 30. f4 Rd5 31. Nxe4 Nxh5 32. Nc5 Nxf4 33. Nxa6 Rd2 34. g3 Nh3+ 35. Kh1 Nf2+ 36. Kg1 Rxa2 37. Nc7 Nd3 38. Rd1 Nxb4 39. Nxb5 h5 40. Nd6 Kg7 41. Ne4 Nc6 42. Nf2 Ne5 43. Rd5 Ng4 44. Ne4 Ra1+ 45. Kg2 Ne3+ 46. Kf3 Nxd5 47. Ng5 Nf6 0-1


[Site "https://www.chess.com"]

[Event "Titled Tuesday Blitz October 11 Late 2022"]
[White "Girel, Joseph"]
[Black "Mazurkiewicz, Michal"]
[WhiteFideId "36033561"]
[BlackFideId "1124943"]
[WhiteElo "2281"]
[BlackElo "2063"]
[Result "1-0"]
[Round "09"]
[TimeControl "180+1"]
[Date "2022.10.11"]
[WhiteClock "0:01:43"]
[BlackClock "0:00:08"]

1. d4 Nf6 2. c4 e5 3. dxe5 Ng4 4. e3 Nxe5 5. Nh3 d5 6. cxd5 Bxh3 7. gxh3 Bd6 8. Nc3 Nbd7 9. Be2 O-O 10. Qd4 f5 11. b3 f4 12. Bb2 fxe3 13. fxe3 Bc5 14. Qe4 Qg5 15. O-O-O Rae8 16. Kb1 Qxe3 17. Bb5 a6 18. Bxd7 Nxd7 19. Qg4 Ne5 20. Qh5 Rf2 21. Qxe8+ Bf8 22. Rhe1 Qxh3 23. Qxe5 1-0


[Site "https://www.chess.com"]

[Event "Titled Tuesday Blitz October 11 Late 2022"]
[White "Girsh, Daniel"]
[Black "Principe, Gerson"]
[WhiteFideId "30949190"]
[BlackFideId "3804550"]
[WhiteElo "2075"]
[BlackElo "2280"]
[Result "1-0"]
[Round "09"]
[TimeControl "180+1"]
[Date "2022.10.12"]
[WhiteClock "0:00:23"]
[BlackClock "0:00:06"]

1. e4 c5 2. Nf3 e6 3. d4 cxd4 4. Nxd4 Nf6 5. Nc3 Nc6 6. Be2 Bb4 7. Qd3 d5 8. exd5 Nxd5 9. Nxc6 bxc6 10. Bd2 a5 11. O-O Ba6 12. Qf3 Bxc3 13. Bxc3 Bxe2 14. Qxe2 Nxc3 15. bxc3 O-O 16. Rad1 Qc7 17. Qc4 Rfd8 18. Rd4 Qb7 19. h3 Rd5 20. Rfd1 Rad8 21. Qa4 Qb6 22. Qb3 Qc7 23. Qc4 Qb7 24. Qb3 Qa6 25. c4 Rxd4 26. Rxd4 Qc8 27. Rxd8+ Qxd8 28. Qb7 h6 29. Qxc6 Qd1+ 30. Kh2 Qxc2 31. Qe8+ Kh7 32. Qxf7 Qxc4 33. a3 Qd5 34. Qf4 Qf5 35. Kg3 Kg6 36. Qd4 Qg5+ 37. Kf3 Qf5+ 38. Ke2 Qc2+ 39. Qd2 Qe4+ 40. Qe3 Qc2+ 41. Kf3 Qf5+ 42. Kg3 Qd5 43. f4 Kf6 44. Kf2 Qa2+ 45. Kf3 Qd5+ 46. Qe4 Qd1+ 47. Kg3 Qb3+ 48. Qf3 Qxf3+ 49. Kxf3 e5 50. Ke4 exf4 51. Kxf4 Ke6 52. Ke4 g6 53. g3 Kd6 54. Kd4 Kc6 55. h4 Kd6 56. g4 g5 57. h5 Ke6 58. Ke4 Kd6 59. Kf5 Kc5 60. Kg6 Kc4 61. Kxh6 Kb3 62. Kxg5 Kxa3 63. h6 Kb3 64. h7 1-0


[Site "https://www.chess.com"]

[Event "Titled Tuesday Blitz October 11 Late 2022"]
[White "Goryachkina, Aleksandra"]
[Black "Hajiyev, Kanan"]
[WhiteFideId "4147103"]
[BlackFideId "13404148"]
[WhiteElo "2484"]
[BlackElo "2118"]
[Result "1-0"]
[Round "09"]
[TimeControl "180+1"]
[Date "2022.10.11"]
[WhiteClock "0:00:17"]
[BlackClock "0:00:07"]

1. e4 c6 2. Nf3 d5 3. Nc3 a6 4. d4 Bg4 5. Be2 e6 6. O-O Nf6 7. exd5 cxd5 8. Ne5 Bxe2 9. Nxe2 Nc6 10. c4 Bd6 11. Nxc6 bxc6 12. Qa4 Qc7 13. cxd5 exd5 14. h3 O-O 15. Be3 Qb6 16. b3 Qb5 17. Nc3 Qxa4 18. Nxa4 Ba3 19. Rfe1 Rfe8 20. Re2 Kf8 21. Rd1 Re6 22. Rc2 Ne4 23. Nb6 Rd8 24. Bf4 Bd6 25. Bxd6+ Rdxd6 26. Rdc1 h5 27. Nc8 Rd8 28. Rxc6 Rxc6 29. Rxc6 a5 30. Nb6 Ke7 31. Rc7+ Kf6 32. Nd7+ Ke6 33. Nc5+ Nxc5 34. Rxc5 Ra8 35. Kf1 Ra7 36. Ke2 Kd6 37. Rb5 Kc6 38. a4 h4 39. Kd3 g5 40. Rb8 Re7 41. Ra8 Kb6 42. Rg8 f6 43. Rg6 Re6 44. g3 hxg3 45. fxg3 Rc6 46. h4 gxh4 47. gxh4 Rc1 48. Rxf6+ Kb7 49. Rd6 Rh1 50. Rxd5 Rh3+ 51. Kc4 Rxh4 52. Rxa5 Kb6 53. Rb5+ Kc6 54. Rf5 Rh2 55. Rf6+ Kb7 56. b4 Rc2+ 57. Kb5 Rd2 58. Rf4 Rd1 59. a5 Ra1 60. d5 Kc7 61. Rf7+ Kd6 62. Kb6 Rb1 63. b5 Kxd5 64. a6 Ke6 65. Rf2 Rb3 66. a7 Ra3 67. Kb7 Ra2 68. Rxa2 1-0


[Site "https://www.chess.com"]

[Event "Titled Tuesday Blitz October 11 Late 2022"]
[White "Grinev, Valeriy"]
[Black "Korchmar, Vasiliy"]
[WhiteFideId "14117517"]
[BlackFideId "24131750"]
[WhiteElo "2365"]
[BlackElo "2370"]
[Result "0-1"]
[Round "09"]
[TimeControl "180+1"]
[Date "2022.10.11"]
[WhiteClock "0:00:12"]
[BlackClock "0:00:04"]

1. d4 d5 2. c4 c6 3. cxd5 cxd5 4. Bf4 Nc6 5. e3 Nf6 6. Nc3 a6 7. Bd3 Bg4 8. Nge2 e6 9. Rc1 Bd6 10. f3 Bh5 11. O-O O-O 12. Bxd6 Qxd6 13. Nf4 Bg6 14. Nxg6 hxg6 15. Na4 e5 16. Bb1 exd4 17. exd4 Qf4 18. Nc5 Nxd4 19. Qd3 b6 20. g3 Nxf3+ 21. Qxf3 Qd4+ 22. Qf2 bxc5 23. Rxc5 Qe5 24. Re1 Qh5 25. Bd3 Rfe8 26. Rcc1 a5 27. Bb5 Rxe1+ 28. Rxe1 d4 29. Be2 Qc5 30. Bd3 Rd8 31. Qf4 Qb4 32. Re2 a4 33. a3 Qb3 34. Qf3 Qa2 35. Kg2 Qb3 36. h4 Nd5 37. Rf2 Ne3+ 38. Kh2 Qxd3 39. Qxf7+ Kh7 40. Qf3 Qf5 41. h5 Qxf3 42. Rxf3 gxh5 0-1


[Site "https://www.chess.com"]

[Event "Titled Tuesday Blitz October 11 Late 2022"]
[White "Hansen, Eric"]
[Black "Dubov, Daniil"]
[WhiteFideId "2606771"]
[BlackFideId "24126055"]
[WhiteElo "2568"]
[BlackElo "2791"]
[Result "1-0"]
[Round "09"]
[TimeControl "180+1"]
[Date "2022.10.11"]
[WhiteClock "0:00:04"]
[BlackClock "0:00:05"]

1. d4 Nf6 2. c4 c5 3. d5 b5 4. Qc2 b4 5. b3 g6 6. Bb2 Bg7 7. Nd2 O-O 8. e4 d6 9. Ngf3 e6 10. Bd3 a5 11. O-O e5 12. Be2 Nbd7 13. a3 Rb8 14. Ne1 Ne8 15. Nd3 f5 16. axb4 axb4 17. f4 exf4 18. exf5 g5 19. Ra7 Ndf6 20. h4 h6 21. hxg5 hxg5 22. Nf3 Nh5 23. Nfe5 dxe5 24. Bxh5 Bxf5 25. Bxe8 Qxe8 26. Rxg7+ Kxg7 27. Qe2 Bxd3 28. Qxd3 Rb6 29. Re1 Qg6 30. Qh3 g4 31. Qh4 Rf5 32. Bxe5+ Kf7 33. Bc7 Rbf6 34. Qh8 Rh5 35. Qe8+ Kg7 36. Be5 Rxe5 37. Qxe5 f3 38. Rf1 Kg8 39. Qb8+ Kg7 40. Qc7+ Kg8 41. Qxc5 Qc2 42. Qf2 Qxb3 43. Qd4 Qc2 44. Qxg4+ Qg6 45. Qxg6+ Rxg6 46. Rxf3 Rb6 47. Rb3 Kf7 48. Kf2 Ke7 49. Ke3 Kd6 50. Kd4 1-0


[Site "https://www.chess.com"]

[Event "Titled Tuesday Blitz October 11 Late 2022"]
[White "Haszon, David"]
[Black "Shaik Sumer Arsh"]
[WhiteFideId "733610"]
[BlackFideId "45020000"]
[WhiteElo "2211"]
[BlackElo "2190"]
[Result "1-0"]
[Round "09"]
[TimeControl "180+1"]
[Date "2022.10.12"]
[WhiteClock "0:00:06"]
[BlackClock "0:00:01"]

1. e4 c5 2. Nf3 e6 3. d4 cxd4 4. Nxd4 a6 5. Nc3 Bc5 6. Nb3 Ba7 7. Bf4 Ne7 8. Bd6 Nbc6 9. Qg4 O-O 10. Qg3 Bb8 11. O-O-O Bxd6 12. Qxd6 b6 13. Be2 Ng6 14. h4 Re8 15. h5 Nf8 16. f4 Qe7 17. Qd3 Bb7 18. g4 Nb4 19. Qe3 Rec8 20. Kb1 b5 21. g5 Nxc2 22. Kxc2 b4 23. Rd3 bxc3 24. Rxc3 Rxc3+ 25. bxc3 Qa3 26. Kb1 a5 27. g6 a4 28. gxf7+ Kxf7 29. Nc1 Rb8 30. Kc2 Bc6 31. f5 Rb2+ 32. Kd1 Qd6+ 33. Ke1 exf5 34. Rf1 Kg8 35. Rxf5 Ne6 36. Bc4 Qh2 37. Bxe6+ dxe6 38. Rf2 Qh1+ 39. Rf1 Qh4+ 40. Rf2 Bxe4 41. Ne2 Rb1+ 42. Kd2 Rb2+ 43. Ke1 Qh1+ 44. Rf1 Rb1+ 45. Nc1 Qh4+ 46. Kd1 Rb2 47. Ne2 Bc2+ 48. Kc1 Bf5 49. Kxb2 a3+ 50. Kxa3 Qe7+ 51. Kb2 Qb7+ 52. Kc1 Qa6 53. Rxf5 h6 54. Re5 1-0


[Site "https://www.chess.com"]

[Event "Titled Tuesday Blitz October 11 Late 2022"]
[White "Hemam, Moulaye Brahim"]
[Black "Sarkar, Justin"]
[WhiteFideId "19600054"]
[BlackFideId "2010011"]
[WhiteElo "2088"]
[BlackElo "2250"]
[Result "0-1"]
[Round "09"]
[TimeControl "180+1"]
[Date "2022.10.12"]
[WhiteClock "0:00:23"]
[BlackClock "0:00:05"]

1. e4 e5 2. Nf3 Nc6 3. Bc4 Nd4 4. c3 Nxf3+ 5. Qxf3 Nf6 6. h3 c6 7. Bb3 d5 8. d3 h6 9. O-O Be6 10. Bc2 Bd6 11. Re1 O-O 12. Nd2 Nh7 13. Nf1 f5 14. exf5 Bxf5 15. Qe2 Qd7 16. Ng3 Bg6 17. c4 Rae8 18. cxd5 cxd5 19. Bb3 Bf7 20. Be3 b6 21. Rac1 Nf6 22. Qf3 Be6 23. Qe2 Rc8 24. Nh5 Qf7 25. Nxf6+ Qxf6 26. Rxc8 Rxc8 27. Rc1 Rxc1+ 28. Bxc1 Qf7 29. Bd2 Qc7 30. Qf3 Qf7 31. Qxf7+ Kxf7 32. Kf1 Ke7 33. Ke2 Bc5 34. Be3 Kd6 35. Bxc5+ Kxc5 36. Ke3 Bf5 37. h4 g5 38. hxg5 hxg5 39. g3 d4+ 40. Kd2 g4 41. Bd1 Kd5 42. Bb3+ Kd6 43. Bd1 Kd5 44. Bb3+ Kd6 45. a3 e4 46. dxe4 Bxe4 47. Bd1 Bf5 48. Be2 Ke5 49. Bd3 Bxd3 50. Kxd3 Kd5 51. b3 b5 52. Kd2 a6 53. Kd3 Ke5 54. Kd2 Ke4 55. Ke2 d3+ 56. Kd2 Kd4 57. a4 b4 58. a5 Ke4 59. Kd1 Kf3 60. Kd2 Kxf2 61. Kxd3 Kxg3 62. Kc4 Kf4 63. Kxb4 g3 64. Kc5 g2 65. b4 g1=Q+ 66. Kc6 Qd4 67. Kb7 Qxb4+ 68. Kxa6 Ke5 69. Ka7 Kd6 0-1


[Site "https://www.chess.com"]

[Event "Titled Tuesday Blitz October 11 Late 2022"]
[White "Hnydiuk, Aleksander"]
[Black "Petrovic, Aleksa"]
[WhiteFideId "1109057"]
[BlackFideId "967629"]
[WhiteElo "2374"]
[BlackElo "2242"]
[Result "0-1"]
[Round "09"]
[TimeControl "180+1"]
[Date "2022.10.12"]
[WhiteClock "0:00:09"]
[BlackClock "0:01:12"]

1. c4 e5 2. Nc3 Bb4 3. Nd5 Be7 4. Nf3 d6 5. d4 e4 6. Nd2 f5 7. e3 c6 8. Nf4 Nf6 9. f3 d5 10. g4 exf3 11. g5 Ne4 12. Qxf3 Nxg5 13. Qh5+ Nf7 14. cxd5 cxd5 15. Bg2 Bh4+ 16. Kd1 O-O 17. Bxd5 Bf6 18. Rg1 Nc6 19. Qf3 Nb4 20. Bb3 a5 21. a3 Nc6 22. Nc4 Nxd4 23. exd4 Qxd4+ 24. Kc2 Qxg1 25. Qd5 Kh8 26. Rb1 Rd8 27. Qxf7 Qd1# 0-1


[Site "https://www.chess.com"]

[Event "Titled Tuesday Blitz October 11 Late 2022"]
[White "Ibarra Jerez, Jose Carlos"]
[Black "Chigaev, Maksim"]
[WhiteFideId "2226332"]
[BlackFideId "4108116"]
[WhiteElo "2627"]
[BlackElo "2537"]
[Result "0-1"]
[Round "09"]
[TimeControl "180+1"]
[Date "2022.10.11"]
[WhiteClock "0:00:34"]
[BlackClock "0:01:21"]

1. e4 c5 2. Nc3 e6 3. Nf3 Nc6 4. d4 cxd4 5. Nxd4 Nf6 6. Ndb5 Bc5 7. Bf4 O-O 8. Bc7 Qe7 9. Bd6 Bxd6 10. Qxd6 Qd8 11. O-O-O a6 12. Nd4 Ne7 13. h4 b5 14. h5 h6 15. f3 Ne8 16. Qh2 d6 17. g4 b4 18. Nce2 e5 19. Nf5 Nc6 20. Kb1 Be6 21. g5 Qxg5 22. Nxd6 Nxd6 23. Rxd6 Rad8 24. Rxd8 Rxd8 25. Bh3 Qxh5 26. Bxe6 Rd1+ 27. Rxd1 Qxh2 28. Bc4 Qf2 29. Nc1 Nd4 30. Bd3 Qxf3 31. Rf1 Qg2 32. c3 bxc3 33. bxc3 Nb5 34. Bc4 Na3+ 0-1


[Site "https://www.chess.com"]

[Event "Titled Tuesday Blitz October 11 Late 2022"]
[White "Indjic, Aleksandar"]
[Black "Thomforde-Toates, Noah"]
[WhiteFideId "911925"]
[BlackFideId "30951992"]
[WhiteElo "2592"]
[BlackElo "2695"]
[Result "1-0"]
[Round "09"]
[TimeControl "180+1"]
[Date "2022.10.11"]
[WhiteClock "0:00:10"]
[BlackClock "0:00:14"]

1. c4 Nf6 2. Nc3 g6 3. d4 d6 4. e4 Bg7 5. Nf3 O-O 6. Be2 e5 7. d5 a5 8. Bg5 h6 9. Bh4 Na6 10. Nd2 Qe8 11. a3 Bd7 12. b3 Nh7 13. f3 Bf6 14. Bf2 Qe7 15. Rb1 Bh4 16. g3 Bg5 17. h4 Bf6 18. b4 axb4 19. axb4 Bg7 20. h5 Qg5 21. c5 f5 22. c6 bxc6 23. dxc6 Be6 24. Bc4 Bxc4 25. Nxc4 gxh5 26. Nd5 fxe4 27. fxe4 Nf6 28. Nxf6+ Qxf6 29. O-O Qg6 30. Qd5+ Kh8 31. Ne3 h4 32. Kg2 Rab8 33. b5 Nc5 34. Rb4 Ra8 35. Nf5 hxg3 36. Bxc5 dxc5 37. Rb2 Ra3 38. Qxc5 Rfa8 39. b6 Qh5 40. Nxg3 Rxg3+ 41. Kxg3 Qg5+ 42. Kh2 Qh4+ 43. Kg1 Qxe4 44. b7 Rb8 45. Rg2 h5 46. Qa7 Bh6 47. Qxb8+ Kh7 48. Qxc7+ Kh8 49. Qc8+ Kh7 50. Qg8# 1-0


[Site "https://www.chess.com"]

[Event "Titled Tuesday Blitz October 11 Late 2022"]
[White "Janaszak, Dawid"]
[Black "Baskakov, Egor"]
[WhiteFideId "1119206"]
[BlackFideId "24197866"]
[WhiteElo "2226"]
[BlackElo "2211"]
[Result "0-1"]
[Round "09"]
[TimeControl "180+1"]
[Date "2022.10.11"]
[WhiteClock "0:00:02"]
[BlackClock "0:00:26"]

1. e4 c5 2. Nc3 Nc6 3. Bc4 g6 4. h4 h6 5. h5 g5 6. d3 Bg7 7. f4 gxf4 8. Bxf4 d6 9. Nf3 Nf6 10. Qd2 Bg4 11. O-O-O Nxh5 12. Be3 Nd4 13. Rdf1 Bxf3 14. gxf3 Ng3 15. Qg2 Nxf1 16. Qxg7 Nxe3 17. Bxf7+ Kd7 18. e5 Qf8 19. Qg6 Rg8 20. Bxg8 Qxg8 21. Qe4 Qg2 22. Qxb7+ Ke6 23. Rxh6+ Kf7 24. e6+ Kg7 25. Qxe7+ Kxh6 26. Qf6+ Kh5 27. Qf7+ Kh4 28. Qh7+ Kg3 29. Ne4+ Kxf3 30. Qh5+ Ng4 31. Nd2+ Ke2 0-1


[Site "https://www.chess.com"]

[Event "Titled Tuesday Blitz October 11 Late 2022"]
[White "Jimenez, Joaquin"]
[Black "Har-Zvi, Ronen"]
[WhiteFideId "109860"]
[BlackFideId "2801485"]
[WhiteElo "2163"]
[BlackElo "2523"]
[Result "0-1"]
[Round "09"]
[TimeControl "180+1"]
[Date "2022.10.12"]
[WhiteClock "0:01:37"]
[BlackClock "0:02:42"]

1. e4 c6 2. d4 d5 3. Nd2 dxe4 4. Nxe4 Nf6 5. Ng3 h5 6. h4 Bg4 7. Qd3 Nbd7 8. Bg5 Qa5+ 9. Bd2 Qb6 10. Bc3 g6 11. f3 Be6 12. N1e2 Bh6 13. Ne4 O-O-O 14. Ng5 Bf5 15. Qd2 Nd5 16. O-O-O Nxc3 17. Qxc3 f6 18. f4 fxg5 19. hxg5 Bg7 20. Ng3 Bg4 21. Rd2 Rhf8 22. Qe3 e5 23. fxe5 Bxe5 24. Ne2 Bxe2 25. Qxe2 Bf4 0-1


[Site "https://www.chess.com"]

[Event "Titled Tuesday Blitz October 11 Late 2022"]
[White "Kanter, Eduard"]
[Black "Jensen, Matthew R"]
[WhiteFideId "4103963"]
[BlackFideId "2018110"]
[WhiteElo "2267"]
[BlackElo "2306"]
[Result "1-0"]
[Round "09"]
[TimeControl "180+1"]
[Date "2022.10.12"]
[WhiteClock "0:00:31"]
[BlackClock "0:00:06"]

1. d4 d5 2. c4 c6 3. Nf3 e6 4. g3 dxc4 5. Bg2 b5 6. Ne5 Bb7 7. O-O Nf6 8. Nc3 Nd5 9. a4 b4 10. Ne4 Nd7 11. Nxc4 N7f6 12. Nc5 Bxc5 13. dxc5 O-O 14. e4 Ne7 15. Nd6 Ba6 16. Re1 Nc8 17. Bf4 Qa5 18. Qc2 Nh5 19. Be3 Ne7 20. b3 Rfd8 21. Red1 e5 22. Bg5 f6 23. Be3 g6 24. Bh3 Ng7 25. Rac1 Qc7 26. Nc4 Bxc4 27. Qxc4+ Kh8 28. Qxb4 Rab8 29. Qc4 f5 30. Bg5 Rxd1+ 31. Rxd1 Rd8 32. Re1 Rd7 33. Qf7 Ng8 34. Qc4 Rf7 35. b4 h6 36. Bd2 g5 37. exf5 Nxf5 38. Bc3 Qe7 39. Rxe5 1-0


[Site "https://www.chess.com"]

[Event "Titled Tuesday Blitz October 11 Late 2022"]
[White "Kobla, Vishal"]
[Black "Bogaudinov, Rushan"]
[WhiteFideId "2078457"]
[BlackFideId "4129288"]
[WhiteElo "1972"]
[BlackElo "1945"]
[Result "1-0"]
[Round "09"]
[TimeControl "180+1"]
[Date "2022.10.12"]
[WhiteClock "0:00:11"]
[BlackClock "0:00:02"]

1. e4 c5 2. Nf3 Nc6 3. d4 cxd4 4. Nxd4 g6 5. c4 Bg7 6. Be3 Nf6 7. Nc3 d6 8. Be2 O-O 9. Qd2 Bd7 10. O-O Nxd4 11. Bxd4 Bc6 12. f3 Nd7 13. Be3 a6 14. Rfd1 Rc8 15. Rac1 h5 16. Bf1 Ne5 17. b3 Nd7 18. Nd5 a5 19. Bg5 Bxd5 20. cxd5 Bf6 21. Be3 Nc5 22. Bb5 Qb6 23. Qe2 Qa7 24. a3 b6 25. b4 axb4 26. axb4 Nb3 27. Rc6 Qa3 28. Ba6 Rb8 29. b5 Nc5 30. Bxc5 dxc5 31. d6 exd6 32. Rcxd6 Bd4+ 33. Kf1 Be5 34. R6d3 Qb4 35. g3 c4 36. Rd7 c3 37. f4 Bg7 38. e5 Qc5 39. Qc2 h4 40. R1d3 hxg3 41. Rxg3 Rfc8 42. e6 fxe6 43. Qxg6 Qf8 44. Rxg7+ 1-0


[Site "https://www.chess.com"]

[Event "Titled Tuesday Blitz October 11 Late 2022"]
[White "Kollars, Dmitrij"]
[Black "Rustemov, Alexander"]
[WhiteFideId "12909572"]
[BlackFideId "4119002"]
[WhiteElo "2584"]
[BlackElo "2868"]
[Result "1/2-1/2"]
[Round "09"]
[TimeControl "180+1"]
[Date "2022.10.11"]
[WhiteClock "0:00:03"]
[BlackClock "0:00:06"]

1. e4 e6 2. d4 d5 3. Nd2 dxe4 4. Nxe4 Bd7 5. Nf3 Bc6 6. Bd3 Nd7 7. O-O Ngf6 8. Ng3 Be7 9. Re1 O-O 10. b3 b5 11. Ne5 Nxe5 12. dxe5 Qd5 13. Bf1 Qxd1 14. Rxd1 Ng4 15. Bb2 Bc5 16. Nh1 Rfd8 17. h3 Nh6 18. Ng3 a5 19. a3 g6 20. Bd3 Nf5 21. Be4 Bxe4 22. Nxe4 Bd4 23. Bxd4 Rxd4 24. Nc3 c6 25. g4 Rxd1+ 26. Rxd1 Nh4 27. Rd3 g5 28. Ne4 h6 29. Rc3 Ng6 30. Rxc6 Nxe5 31. Rc5 Nf3+ 32. Kg2 Nd4 33. Nd6 Rb8 34. Rc7 Rf8 35. b4 a4 36. c3 Ne2 37. Nxb5 Rd8 38. Nd4 Nxd4 39. cxd4 Rxd4 40. Ra7 Rd3 41. Rxa4 Rb3 42. Ra5 Kg7 43. b5 f5 44. gxf5 exf5 45. a4 h5 46. Ra7+ Kg6 47. Ra6+ Kg7 48. b6 g4 49. hxg4 fxg4 50. a5 h4 51. Ra7+ Kg6 52. b7 h3+ 53. Kh2 Rb2 54. Ra6+ Kg5 55. Rb6 Rxf2+ 56. Kg1 h2+ 57. Kh1 g3 58. Rb1 g2+ 59. Kxh2 Rf1 60. Kxg2 Rxb1 61. a6 Kf6 62. a7 Rxb7 63. a8=Q Rf7 64. Kf3 Ke6+ 65. Ke4 Kf6 66. Qa1+ Ke6 67. Qa2+ Kf6 68. Qa6+ Kg7 69. Ke5 Rf8 70. Qb7+ Rf7 71. Qg2+ Kf8 72. Ke6 Re7+ 73. Kd6 Rf7 74. Qa8+ Kg7 75. Qd8 Kg6 76. Ke6 Rf4 77. Qg8+ Kh5 78. Ke5 Rf3 79. Ke4 Rf6 80. Qg7 Rg6 81. Qf7 Kg5 82. Ke5 Rh6 83. Qg7+ Rg6 84. Qe7+ Kg4 85. Ke4 Kg3 86. Ke3 Rg4 87. Qe5+ Kh4 88. Qf5 Rg5 89. Qf6 Kh5 90. Kf4 Rg4+ 91. Kf3 Rg6 92. Qe5+ Kh6 93. Kf4 Rg7 94. Qf6+ Rg6 95. Qc3 Kh7 96. Kf5 Rg7 97. Qh3+ Kg8 98. Qb3+ Kh7 99. Kf6 Rg6+ 100. Kf7 Rg7+ 101. Kf8 Rg6 102. Qf7+ Kh6 103. Qf4+ Kh5 104. Kf7 Rg4 105. Qf3 Kh4 106. Kf6 Rg3 107. Qf2 Kh3 108. Ke5 Rg2 109. Qf5+ Rg4 110. Qh5+ Kg3 111. Qh6 Rh4 112. Qe3+ Kg2 113. Kf5 1/2-1/2


[Site "https://www.chess.com"]